Map: [ESL] Tropical Sacrifice

Players

Zoun

  • Race: Protoss Protoss
  • Spawn Location: 1:00

Kelazhur - Winner!

  • Race: Terran Terran
  • League: Master
  • Spawn Location: 7:00

Event: HomeStory Cup XXII

VOD

Have the link to the VOD?

Description

Time

  • Played on: Dec. 16, 2022, 7:10 a.m.
  • Length: 9:16

All games in this series

Show
View Real Time Build Order
Export as new Build Order

Zoun Protoss 

Build Orders: 1 Gate Expand, Blink Stalkers 

Get SALT Encoding   

  12  0:00  Probe  
  13  0:12  Probe  
  14  0:17  Pylon  
  14  0:24  Probe (Chrono Boost)  
  16  0:37  Probe (Chrono Boost)  
  16  0:38  Gateway  
  16  0:42  Probe (Chrono Boost)  
  16  0:49  Assimilator  
  17  0:52  Probe  
  18  1:04  Probe  
  19  1:16  Probe  
  20  1:26  Cybernetics Core  
  20  1:37  Nexus  
  20  1:39  Probe  
  21  1:47  Pylon  
  21  1:51  Probe  
  22  1:55  Assimilator  
  22  2:02  Adept (Chrono Boost)  
  22  2:04  Probe  
  25  2:08  Warp Gate (Chrono Boost)  
  25  2:16  Probe  
  26  2:24  Twilight Council  
  26  2:31  Stalker  
  26  2:36  Probe  
  29  2:42  Shield Battery  
  29  2:49  Probe x2  
  31  2:55  Blink (Chrono Boost)  
  31  3:04  Probe  
  31  3:05  Probe  
  33  3:09  Stalker  
  35  3:17  Probe  
  36  3:20  Gateway  
  36  3:23  Probe  
  37  3:29  Probe  
  37  3:36  Probe  
  37  3:41  Probe  
  38  3:47  Robotics Facility  
  38  3:48  Probe  
  39  3:51  Gateway  
  39  3:57  Stalker  
  37  4:03  Probe  
  37  4:08  Probe  
  39  4:18  Probe  
  39  4:20  Probe  
  39  4:21  Stalker  
  43  4:26  Pylon  
  43  4:30  Probe  
  44  4:35  Stalker  
  46  4:42  Observer, Probe (Chrono Boost)  
  46  4:45  Pylon  
  47  4:47  Probe (Chrono Boost)  
  47  4:54  Probe (Chrono Boost)  
  49  5:00  Probe (Chrono Boost)  
  49  5:02  Nexus  
  49  5:03  Probe (Chrono Boost)  
  50  5:08  Stalker  
  50  5:13  Stalker  
  54  5:21  Robotics Bay, Probe  
  54  5:24  Probe  
  55  5:32  Assimilator x2  
  55  5:35  Probe (Chrono Boost), Stalker  
  58  5:36  Probe (Chrono Boost)  
  56  5:48  Probe (Chrono Boost)  
  55  5:50  Probe (Chrono Boost)  
  55  5:53  Probe (Chrono Boost)  
  56  5:57  Probe  
  56  5:58  Charge  
  56  6:03  Probe  
  58  6:06  Pylon  
  58  6:09  Probe  
  59  6:12  Disruptor (Chrono Boost)  
  59  6:13  Observer  
  59  6:15  Probe  
  63  6:19  Observer  
  63  6:21  Probe  
  63  6:22  Probe  
  65  6:27  Shield Battery, Probe  
  66  6:33  Probe  
  66  6:34  Probe  
  66  6:37  Stalker x3  
  66  6:39  Probe  
  73  6:45  Probe  
  73  6:46  Probe  
  73  6:50  Disruptor  
  73  6:51  Probe  
  77  7:00  Stalker x2  
  78  7:08  Probe x3  
  78  7:13  Gateway, Stalker  
  82  7:20  Forge  
  82  7:24  Zealot  
  82  7:40  Stalker x2  
  83  7:50  Pylon  
  83  7:51  Observer, Pylon  
  81  7:59  Nexus  
  81  8:00  Pylon x2  
  81  8:01  Pylon  
  81  8:12  Gateway, Pylon  
  79  8:17  Disruptor (Chrono Boost)  
  79  8:18  Zealot x3  
  85  8:24  Zealot  
  73  8:39  Stalker x2  
  67  8:46  Gateway  
  67  8:48  Probe x2, Gateway  
  71  8:49  Pylon  
  71  8:51  Zealot  
  73  9:02  Stalker  
Show
View Real Time Build Order
Export as new Build Order

Kelazhur Terran - Winner!

Build Orders:  

Get SALT Encoding   

  12  0:00  SCV  
  13  0:12  SCV  
  14  0:17  Supply Depot  
  14  0:24  SCV  
  15  0:39  SCV  
  15  0:40  Barracks  
  16  0:44  Refinery  
  16  0:51  SCV  
  16  0:54  Refinery  
  17  1:03  SCV  
  18  1:15  SCV  
  19  1:27  Reaper, Orbital Command  
  19  1:30  Supply Depot  
  20  1:43  Factory  
  20  1:53  SCV  
  21  1:59  Reaper  
  22  2:05  SCV  
  23  2:18  Command Center  
  23  2:21  SCV  
  24  2:27  Hellion  
  26  2:31  Reaper  
  26  2:34  SCV  
  28  2:38  Supply Depot  
  28  2:46  SCV  
  28  2:48  Hellion  
  31  2:53  Starport  
  31  3:00  SCV  
  31  3:05  Barracks Reactor  
  32  3:12  Factory Tech Lab  
  32  3:13  SCV  
  32  3:15  Barracks  
  33  3:25  SCV  
  34  3:27  Barracks  
  34  3:38  SCV  
  34  3:40  Cyclone  
  38  3:42  Marine x2, Starport Tech Lab  
  40  3:49  Orbital Command  
  40  4:00  SCV, Marine  
  40  4:01  Marine  
  43  4:08  Banshee  
  44  4:15  SCV x2  
  47  4:18  Marine  
  47  4:20  Siege Tank  
  47  4:21  Marine  
  47  4:23  Marine  
  51  4:27  Marine  
  51  4:30  SCV  
  53  4:33  Supply Depot  
  53  4:35  SCV  
  54  4:38  Supply Depot  
  54  4:55  SCV x2, Marine x3  
  54  4:57  Supply Depot  
  60  5:00  Siege Tank  
  60  5:03  Banshee  
  60  5:06  Barracks Tech Lab  
  65  5:07  SCV  
  65  5:08  Refinery  
  65  5:13  SCV, Marine  
  68  5:16  Marine x2  
  68  5:19  SCV  
  71  5:24  Stimpack, Marauder  
  71  5:25  SCV  
  74  5:32  SCV  
  74  5:33  Refinery  
  74  5:35  Engineering Bay, Supply Depot  
  75  5:37  SCV  
  76  5:44  SCV  
  76  5:46  Marine  
  76  5:48  Marine  
  76  5:49  Marauder  
  78  5:57  SCV, Siege Tank  
  78  5:58  Starport Reactor  
  78  6:00  Combat Shield  
  78  6:01  Marauder  
  84  6:05  SCV  
  84  6:08  Supply Depot  
  84  6:09  SCV  
  85  6:11  Marine x2  
  85  6:14  Marauder  
  86  6:29  SCV x2, Siege Tank  
  86  6:30  Marauder  
  86  6:31  Supply Depot  
  93  6:33  Supply Depot  
  93  6:42  SCV  
  93  6:45  Medivac  
  93  6:46  SCV  
  94  6:47  Medivac  
  94  6:52  Marauder, Marine x2  
  94  6:53  Marauder  
  94  6:54  SCV  
  101  6:58  SCV  
  101  7:06  SCV, Siege Tank  
  96  7:10  SCV  
  96  7:12  Bunker  
  96  7:14  Marauder x2  
  101  7:19  Marine x2  
  104  7:22  Medivac x2  
  105  7:30  Supply Depot  
  105  7:32  Concussive Shells  
  105  7:39  Command Center  
  105  7:44  Marauder, Marine  
  103  7:52  Marauder  
  105  7:59  Marine  
  105  8:01  Siege Tank  
  109  8:05  Marauder  
  109  8:08  Bunker  
  109  8:10  SCV  
  109  8:11  Marine  
  109  8:12  Medivac x2  
  113  8:16  Supply Depot  
  113  8:18  Marauder, Marine  
  116  8:33  Marauder  
  113  8:34  Siege Tank  
  113  8:36  Marine x2  
  113  8:40  Marauder  
  116  8:42  Medivac  
  118  8:49  Barracks  
  118  8:51  Barracks  
  118  8:57  Marine  
Tags
 
Add a new tag
Caveats
  • Supply blocks, unpowered buildings, or Contaminate may cause inaccurate times.
  • Supply counts are checked every 10 seconds.